Cogmind - Beta 14 @@@ ROGUE MODE // 2025.01.17 @ 11:57:42 Player: PeanutArbuckle Result: Destroyed by G-47 Trooper with Particle Gun Performance ------------- Evolutions (2) 1000 Regions Visited (4) 800 Robots Destroyed (30) 150 Value Destroyed (668) 668 Prototype IDs (1) 20 Alien Tech Used (0) 0 Bonus (222) 222 TOTAL SCORE: 2860 Bonus ------- Follower Combat Kills 276 Friendly Fire -54 Cogmind --------- Core Integrity 0/550 Matter 107/300 Energy 90/100 System Corruption 2% Temperature Critical (510) Movement Core (50) Location -8/Materials Parts ------- > --- POWER (3) -------- (None) > --- PROPULSION (2) --- (None) > --- UTILITY (3) ------ Launcher Guidance Computer > --- WEAPON (3) ------- (None) > --- INVENTORY (5) ---- Medium Matter Pod (100) Launcher Guidance Computer Matter Filter Improved Light Armor Plating System Shield Peak State ------------ > --- POWER ------------ Light Ion Engine Light Deuterium Engine Light Nuclear Core > --- PROPULSION ------- Light Treads Light Treads > --- UTILITY ---------- Small Storage Unit Launcher Guidance Computer Makeshift Light Armor Plating > --- WEAPON ----------- Shock Rifle Heavy Ion Cannon Heavy Ion Cannon > --- INVENTORY -------- Medium Matter Pod Launcher Guidance Computer Matter Filter Matter Filter Improved Light Armor Plating System Shield Barrage Gun [Rating: 31] Favorites ----------- Power Light Ion Engine Engine Light Ion Engine Power Core Light Nuclear Core Propulsion Light Treads Treads Light Treads Utility Small Storage Unit Storage Small Storage Unit Processor Targeting Computer Protection Makeshift Light Armor Plating Weapon Grenade Launcher Energy Gun Shock Rifle Energy Cannon Heavy Ion Cannon Ballistic Gun Assault Rifle Launcher Grenade Launcher Build | -11 -10 -10 -10 -8 ------- Run | Yrd Mat Min Sub Mat Slots Evolved 4 | . . . . 4 Power 2 | . . . . 2 Propulsion . | . . . . . Utility 1 | . . . . 1 Weapon 1 | . . . . 1 Parts Attached 25 | 6 2 1 . 16 Power 4 | 1 . . . 3 Engine 3 | 1 . . . 2 Core 1 | . . . . 1 Reactor . | . . . . . Propulsion 4 | 2 . . . 2 Treads 4 | 2 . . . 2 Leg . | . . . . . Wheel . | . . . . . Hover . | . . . . . Flight . | . . . . . Utility 5 | 1 1 . . 3 Device . | . . . . . Storage 2 | 1 . . . 1 Processor 2 | . 1 . . 1 Hackware . | . . . . . Protection 1 | . . . . 1 Artifact . | . . . . . Weapon 12 | 2 1 1 . 8 Energy Gun 3 | . . . . 3 Energy Cannon 2 | . . . . 2 Ballistic Gun 5 | 2 . . . 3 Ballistic Cannon . | . . . . . Launcher 2 | . 1 1 . . Special Weapon . | . . . . . Impact Weapon . | . . . . . Slashing Weapon . | . . . . . Piercing Weapon . | . . . . . Special Melee Weapon . | . . . . . Unidentified Prototypes 1 | . . . . 1 Parts Lost 12 | . . . . 12 Power 3 | . . . . 3 Propulsion 1 | . . . . 1 Utility 2 | . . . . 2 Weapon 6 | . . . . 6 Highest Loss Streak 11 | . . . . 11 To Critical Strikes . | . . . . . Average Slot Usage (%) 94 | . 95 100 100 80 Engine 13 | . 14 14 14 10 Treads 25 | . 28 28 28 17 Storage 12 | . 14 14 14 8 Processor 12 | . 9 14 14 8 Protection 2 | . . . . 8 Energy Gun 1 | . . . . 5 Energy Cannon 1 | . . . . 4 Ballistic Gun 8 | . 14 12 . 4 Launcher 15 | . 13 15 28 9 Peak Build Rating 31 | 6 7 7 8 31 Average Rating 9 | 3 6 7 7 18 On Entrance 5 | . 6 7 7 8 Naked Turns . | . . . . . Heaviest Build 36 | 12 13 14 14 36 Greatest Support 40 | 40 40 40 40 40 Greatest Overweight (x) 1 | 1 . . . 1 Average Overweight (x) . | . . . . . Largest Inventory Capacity 8 | 8 8 8 8 8 Average Capacity 7 | 7 8 8 8 7 Most Carried 8 | 5 3 4 7 8 Average Carried 4 | . 1 3 5 6 Final Capacity 8 | 8 8 8 8 5 Final Carried 7 | . 3 4 7 5 Class Distribution -------------------- 82% | Mutant 17% | Bomber Dominant Class ---------------- Mutant | -10/Materials Mutant | -10/Mines Mutant | -10/Subcaves Bomber | -8/Materials Resources | -11 -10 -10 -10 -8 ----------- Run | Yrd Mat Min Sub Mat Matter Collected 895 | 254 149 95 129 268 Remotely . | . . . . . Salvage Created 552 | . 123 100 11 318 Parts 43 | . 22 3 . 18 Haulers Intercepted . | . . . . . Recyclers Shooed . | . . . . . Parts Field Recycled . | . . . . . Retrieved Matter . | . . . . . Parts Self-Destructed 4 | . . . 4 . Prevented . | . . . . . Kills | -11 -10 -10 -10 -8 ------- Run | Yrd Mat Min Sub Mat Combat Hostiles Destroyed 18 | . 4 3 1 10 Guns 1 | . . . . 1 Cannons 5 | . . . . 5 AOE 12 | . 4 3 1 4 Classes Destroyed 9 | . 6 1 1 1 Worker 6 | . 2 . . 4 Builder 1 | . 1 . . . Mechanic 1 | . . 1 . . Operator 1 | . 1 . . . Watcher 3 | . 2 . . 1 Swarmer 8 | . 3 . . 5 Grunt 8 | . 1 3 . 4 Brawler 1 | . . . . 1 Sentry 1 | . . . 1 . Best Kill Streak 5 | . 5 3 1 4 Combat Bots Only 3 | . 3 2 1 3 Max Kills in Single Turn 3 | . 3 2 1 2 Gunslinging . | . . . . . Exploded 3 | . 3 1 1 2 Melee . | . . . . . Uniques/NPCs Destroyed . | . . . . . Combat | -11 -10 -10 -10 -8 -------- Run | Yrd Mat Min Sub Mat Hostile Shots Fired 109 | . 4 . . 105 Missed 26 | . 2 . . 24 Damage Taken 1985 | . 76 . 56 1853 Core 563 | . . . 2 561 Absorbed by Shields . | . . . . . Regen/Repaired (Parts) 55 | . . . . 55 Core Remaining (%) 99 | 100 . . 99 . Volleys Fired 59 | . 14 5 7 33 Largest 3 | . 2 2 2 3 Hottest 180 | . 50 60 60 180 Shots Fired 111 | . 23 8 14 66 Gun 51 | . 14 3 . 34 Cannon 24 | . . . . 24 Launcher 36 | . 9 5 14 8 Special . | . . . . . Kinetic 27 | . 14 3 . 10 Thermal 24 | . . . . 24 Explosive 36 | . 9 5 14 8 Electromagnetic 24 | . . . . 24 Robot Hit Streak 10 | . 2 3 9 10 Robot Miss Streak 5 | . 2 3 . 5 Penetration Max . | . . . . . Secondary Targets . | . . . . . Shots Hit Robots 38 | . 4 3 6 25 Core Hits 48 | . 13 6 6 23 Critical Kills . | . . . . . Critical Parts Destroyed . | . . . . . Critical Strikes . | . . . . . Melee Attacks . | . . . . . Impact . | . . . . . Slashing . | . . . . . Piercing . | . . . . . Sneak Attacks . | . . . . . Combat Hostiles . | . . . . . Follow-up Attacks . | . . . . . Damage Inflicted 2416 | . 440 433 282 1261 Guns 275 | . 35 12 . 228 Cannons 426 | . . . . 426 Explosions 1715 | . 405 421 282 607 Melee . | . . . . . Ramming . | . . . . . Kinetic 145 | . 35 12 . 98 Thermal 505 | . . 79 . 426 Explosive 1636 | . 405 342 282 607 Electromagnetic 130 | . . . . 130 Impact . | . . . . . Slashing . | . . . . . Piercing . | . . . . . Highest Corruption 2 | . . . . 2 Average Corruption 2 | . . . . 2 Corruption Purged . | . . . . . Corruption Blocked . | . . . . . Overload Shots . | . . . . . Overflow Damage 59 | . 5 26 . 28 Projectiles 26 | . . . . 26 Explosions 33 | . 5 26 . 2 Melee . | . . . . . Knockbacks . | . . . . . Impact . | . . . . . Kinetic . | . . . . . Secondary . | . . . . . Self-Inflicted Damage 119 | . 61 . 58 . Shots 6 | . 3 . 3 . Rammed . | . . . . . Targets Rammed . | . . . . . Kicked . | . . . . . Crushed . | . . . . . Highest Temperature 1006 | . . . . 1006 Average Temperature 317 | . . . . 317 Received Heat Transfer 459 | . . . . 459 Effects 42 | . . . . 42 Shutdowns 10 | . . . . 10 Energy Bleed 6 | . . . . 6 Interference 3 | . . . . 3 Matter Decay 6 | . . . . 6 Short Circuit 3 | . . . . 3 Damage (minor) 3 | . . . . 3 Damage (major) 7 | . . . . 7 Damage (core) 4 | . . . . 4 Siege Activations . | . . . . . Robots Corrupted . | . . . . . Combat Hostiles . | . . . . . Parts Fried . | . . . . . Impact Corruptions . | . . . . . Robots Melted . | . . . . . Combat Hostiles . | . . . . . Parts Melted 2 | . . . . 2 Heat Transferred 628 | . . 100 . 528 Parts Sabotaged . | . . . . . Parts Stolen . | . . . . . Parts Stripped . | . . . . . Power Chain Reactions . | . . . . . Alert | -11 -10 -10 -10 -8 ------- Run | Yrd Mat Min Sub Mat Peak Influence 261 | . 261 113 . 238 Initial 29 | . . 29 . . Average 75 | . 111 31 . 125 Maximum Alert Level 1 | . 1 . . 1 Low Security (%) 92 | 100 86 100 . 83 Level 1 7 | . 13 . . 16 Level 2 . | . . . . . Level 3 . | . . . . . Level 4 . | . . . . . Level 5 . | . . . . . High Security . | . . . . . Max Security . | . . . . . Squads Dispatched 4 | . . 1 . 3 Investigation 1 | . . . . 1 Extermination . | . . . . . Reinforcement 1 | . . . . 1 Assault 2 | . . 1 . 1 Garrison . | . . . . . Intercept . | . . . . . Searches Triggered . | . . . . . Construction Impeded . | . . . . . Haulers Reinforced . | . . . . . Active Scanning Responses . | . . . . . Cargo Convoy Interrupts . | . . . . . Stealth | -11 -10 -10 -10 -8 --------- Run | Yrd Mat Min Sub Mat Distress Signals 1 | . 1 . . . Communications Jammed . | . . . . . Distress Signals . | . . . . . Times Spotted 43 | . 9 6 4 24 Peak Tracking Total 6 | . 3 4 2 6 Tactical Retreats . | . . . . . Traps | -11 -10 -10 -10 -8 ------- Run | Yrd Mat Min Sub Mat Traps Triggered . | . . . . . Indirectly . | . . . . . Trap Hack Attempts . | . . . . . Triggered . | . . . . . Disarmed . | . . . . . Reprogrammed . | . . . . . Reused . | . . . . . Traps Extracted . | . . . . . Installed . | . . . . . Triggered 1 | . . . 1 . Machines | -11 -10 -10 -10 -8 ---------- Run | Yrd Mat Min Sub Mat Machines Disabled 7 | . 2 2 . 3 Max in Single Turn 1 | . 1 1 . 1 Machines Repaired . | . . . . . Machines Dismantled . | . . . . . Machines Sabotaged . | . . . . . Overloaded Fab Kills . | . . . . . Hacking | -11 -10 -10 -10 -8 --------- Run | Yrd Mat Min Sub Mat Machines Accessed 1 | . . . . 1 Terminals . | . . . . . Fabricators . | . . . . . Repair Stations 1 | . . . . 1 Recycling Units . | . . . . . Scanalyzers . | . . . . . Garrison Access . | . . . . . Total Hacks 3 | . . . . 3 Successful 3 | . . . . 3 Failed . | . . . . . Catastrophic . | . . . . . Database Lockouts . | . . . . . Manual . | . . . . . Terminals . | . . . . . Fabricators . | . . . . . Repair Stations 3 | . . . . 3 Recycling Units . | . . . . . Scanalyzers . | . . . . . Garrison Access . | . . . . . Terminal Hacks . | . . . . . Fabricator Hacks . | . . . . . Repair Station Hacks 3 | . . . . 3 Scan Component 2 | . . . . 2 Repair 1 | . . . . 1 Recycling Unit Hacks . | . . . . . Scanalyzer . | . . . . . Garrison Access Hacks . | . . . . . Unauthorized Hacks . | . . . . . Terminals . | . . . . . Fabricators . | . . . . . Repair Stations . | . . . . . Recycling Units . | . . . . . Scanalyzers . | . . . . . Garrison Access . | . . . . . Data Cores Recovered 1 | . 1 . . . Used . | . . . . . Hacking Detections 1 | . . . . 1 Full Trace Events 1 | . . . . 1 Feedback Events . | . . . . . Feedback Blocked . | . . . . . Robot Schematics Acquired . | . . . . . Robots Built . | . . . . . Authchips . | . . . . . Time . | . . . . . Total Robot Build Rating . | . . . . . Part Schematics Acquired . | . . . . . Parts Built . | . . . . . Authchips . | . . . . . Time . | . . . . . Total Part Build Rating . | . . . . . Parts Repaired 1 | . . . . 1 Time 26 | . . . . 26 Parts Recycled . | . . . . . Recycled Matter . | . . . . . Retrieved Matter . | . . . . . Retrieved Components . | . . . . . Parts Scanalyzed . | . . . . . Part Schematics Acquired . | . . . . . Parts Damaged . | . . . . . Bothacking | -11 -10 -10 -10 -8 ------------ Run | Yrd Mat Min Sub Mat Used RIF Installer . | . . . . . Robots Hacked . | . . . . . Non-combat . | . . . . . Combat . | . . . . . Robot Hacks Applied . | . . . . . Relay Couplers Released . | . . . . . Fabnet Peak Effective % . | . . . . . Robots Rewired . | . . . . . Allies Hacked . | . . . . . Hacks Repelled . | . . . . . Allies | -11 -10 -10 -10 -8 -------- Run | Yrd Mat Min Sub Mat Total Allies 4 | . . 4 . . Largest Group 3 | . . 3 2 2 Highest-Rated Group 63 | . . 63 47 44 Highest-Rated Ally 31 | . . 31 31 31 Total Orders . | . . . . . Ally Attacks 68 | . . 20 23 25 Total Damage 865 | . . 206 311 348 Kills 11 | . . 4 3 4 Allies Corrupted . | . . . . . Allies Melted . | . . . . . Intel | -11 -10 -10 -10 -8 ------- Run | Yrd Mat Min Sub Mat Robot Analysis Total . | . . . . . Derelict Logs Recovered 1 | . . 1 . . Drone Launches . | . . . . . Drone Recoveries . | . . . . . Exploration | -11 -10 -10 -10 -8 ------------- Run | Yrd Mat Min Sub Mat Turns Passed 2628 | 54 451 995 483 645 Spaces Moved 1492 | 33 240 612 286 321 Core 45 | 14 . . . 31 Treads 1447 | 19 240 612 286 290 Legs . | . . . . . Wheels . | . . . . . Hover . | . . . . . Flight . | . . . . . Fastest Speed 50 | 50 160 160 160 50 Average Speed 157 | 131 160 160 160 149 Slowest Speed 240 | 160 160 160 160 240 Overloaded Moves . | . . . . . Propulsion Burnouts . | . . . . . Robots Hopped . | . . . . . Cave-ins Triggered 1 | . . . . 1 Exploration Rate (%) 36 | 3 33 100 15 29 Regions Visited 4 Branch Regions 2 Pre-discovered Areas 2 | . . 2 . . Known Exits Taken . | . . . . . Unknown Exits Taken 4 | 1 1 1 1 . Scrap Searched 2 | . . 2 . . Spaces Dug 22 | . 12 . 10 . Terrain Destroyed 156 | . 43 21 40 52 Melee . | . . . . . Projectile 6 | . . . . 6 AOE 150 | . 43 21 40 46 Terrain Rammed . | . . . . . Walls Destroyed . | . . . . . Machines Disabled . | . . . . . Actions | -11 -10 -10 -10 -8 --------- Run | Yrd Mat Min Sub Mat Total 1673 | 44 284 619 298 428 Wait 58 | . 25 1 3 29 Move 1488 | 32 239 611 285 321 Hop . | . . . . . Pick Up 33 | 6 4 1 3 19 Fast Attach . | . . . . . Attach 19 | 6 1 . . 12 Detach . | . . . . . Swap 6 | . 1 1 . 4 Drop 10 | . . . . 10 Fire 59 | . 14 5 7 33 Melee . | . . . . . Ram . | . . . . . Kick . | . . . . . Crush . | . . . . . Escape Stasis . | . . . . . Rewire . | . . . . . Trap . | . . . . . Miscellaneous . | . . . . . Route ------- -11/Scrapyard -10/Materials -10/Mines (discovered 3 exits: [*Mat x2] / [*Sub]) -10/Subcaves -8/Materials History --------- Turn | Location | Event 12 | -11/Scrapyard | Discovered new exit (range 15) 55 | -11/Scrapyard | Entered Materials 303 | -10/Materials | Build established: Mutant 325 | -10/Materials | Discovered new exit (range 7) 506 | -10/Materials | Entered Mines 511 | -10/Mines | Assisted by bots powering up and referring to "LRC-V3" 591 | -10/Mines | Discovered new exit (range 15) 628 | -10/Mines | Discovered new exit (range 6) 772 | -10/Mines | Learned location of Mines (-8) 799 | -10/Mines | A weapon hastily lodged in a ceiling crevice suddenly fell to the ground 896 | -10/Mines | Learned location of Storage (-9) 1275 | -10/Mines | Discovered new exit (range 13) 1340 | -10/Mines | Met a Derelict testing a Signal Generator 1371 | -10/Mines | Found Signal Generator 1501 | -10/Mines | Entered Subcaves 1501 | -10/Subcaves | Accompanied by 2 allies 1597 | -10/Subcaves | Discovered new exit (range 11) 1703 | -10/Subcaves | Shifting Twisted Machinery released Mak. Light Armor Plating 1707 | -10/Subcaves | Shifting Twisted Machinery released Sub. Power Source 1984 | -10/Subcaves | Entered Materials 1984 | -8/Materials | Accompanied by 2 allies 1984 | -8/Materials | Evolved 4 slots: Power x2, Utility x1, Weapon x1 2237 | -8/Materials | Repaired Sml. Storage Unit 2367 | -8/Materials | Crushed by falling debris 2476 | -8/Materials | Build established: Bomber 2612 | -8/Materials | Core integrity fell below 50% 2626 | -8/Materials | Core integrity fell below 20% 2629 | -8/Materials | Destroyed by G-47 Trooper with Particle Gun Last Messages --------------- Overheating: Energy bleed (-12). Overheating: Matter decay (-37). K-01 Serf collects debris. O-16 Technician: "IFF HANDSHAKE FAILED. SECURING TERMINAL." M-13 Machinist repairs L-31 Rogue. Acquired 12 matter. O-16 Technician uses terminal to summon reinforcements. ALERT: Hostiles spotted, dispatching reinforcements to Terminal M002. O-16 Technician locks terminal. K-01 Serf collects debris. Overheating: Core damaged (-88). Overheating: Energy bleed (-8). T-07 Excavator is excavating. Overheating: Matter decay (-24). M-13 Machinist repairs Imp. Ion Engine. Overheating: Core damaged (-66). T-07 Excavator is excavating. Map ----- +----------------------------------------------------+ | ????????????????????????????#=% = # # | | ????????????????????????????# = " # | | ????????????????????????????# ! !!########## | | ????????????????????????????# !|#? #?? | | ????????????????????????????# # #?? | | ????????????????????????????# # #?? | | ????????????????????????????# #??? | | ?????????????????????######?# # ####??? | | ?????????????????????# # ####?????? | | ?????????????????????# # #????????? | | ?????????????????????# # #????????? | | ?????????????????????? #|| #????????? | | ?????????????????#???# #||l #????????? | | ?????????????????# ??#! #%[ #????????? | | ?????????????????# ######+##;* = #????????? | | ?????????????????+ [ """ #????????? | | ?????????????????# ! % """ #????????? | | ?????????????????# To% """ +????????? | | ?????????????????# ]= g = #????????? | | ?????????????????# ] ##???????? | | ?????????????????# g """ #???????? | | ?????????????????# """ #???????? | | ?????????????????# """ #???????? | | ?????????????????# a #???????? | | ?????????????????# #???????? | | ?????????????????# @ ###########???????? | | ???????????????# t #?????????????????? | | ???????????????### #?????????????????? | | ?????????????????# #?????????????????? | | ?????????????????# #?????????????????? | | ?????????????????# #### ?????????????????? | | ?????????????????#????# ?????????????????? | | ??????????????????????# g????????????????? | | ??????????????????????###+## ????????????????? | | ????????????????????????????#????????????????? | | ?????????????????????????????????????????????? | | ?????????????????????????????????????????????? | | ?????????????????????????????????????????????? | | ?????????????????????????????????????????????? | | ?????????????????????????????????????????????? | | ?????????????????????????????????????????????? | | ?????????????????????????????????????????????? | | ?????????????????????????????????????????????? | | ?????????????????????????????????????????????? | | ?????????????????????????????????????????????? | | ?????????????????????????????????????????????? | | ?????????????????????????????????????????????? | | ?????????????????????????????????????????????? | | | | | +----------------------------------------------------+ Best States ------------- Heat Dissipation 31 Energy Generation 28 Energy Capacity 225 Matter Stores 300 Matter Capacity 300 Sight Range 16 Terrain Scan Density 10 Armor Coverage 100 Evasion (%) 40 Targeting Accuracy 5 Launcher Accuracy 20 Recoil Reduction 2 Item Schematics ----------------- None Robot Schematics ------------------ None Fabricated ------------ Nothing Alien Tech Used ----------------- None Achievements -------------- None Challenges ------------ None Game ------ Seed MobilePiercingBlade Manual? 0 Play Time 00:23:52 Cumulative 4.9 hours Start 2025.01.17 @ 11:36:27 End 2025.01.17 @ 11:57:42 Sessions 1 Manual Loads 0 Difficulty Rogue Special Mode None Game No. 16 Rogue 16 Adventurer 0 Explorer 0 Win Type - Total 0 Types 0/0/0/0/0/0/0/0/0 Lore% 1 Gallery% 10 Achievement% 9 Wizard Run 0 Options --------- Layout 1 ASCII 0 Keyboard 0 Movement Mouse Keybinds 0 Fullscreen 1 Font 24/Smallcaps Map View 25x20 Zoom Use 25% Tactical HUD 0 Map Filters NONE Filters NONE Steam 1 RUN: 930b2419-f424-4139-86cf-6cd75f16ca79